 Dungeon Crawl Stone Soup version 0.30-a0-800-g7c54460 (webtiles) character file.

Game seed: 12851756756119345160

5379 Illumine the Basher (level 10, -5/91 HPs)
             Began as a Minotaur Fighter on Feb 21, 2023.
             Was an Initiate of Gozag.
             Slain by a boulder beetle (39 damage)
             ... on level 9 of the Dungeon.
             The game lasted 00:16:05 (7228 turns).

Illumine the Basher (Minotaur Fighter)              Turns: 7228, Time: 00:16:07

Health: -5/91      AC: 15    Str: 31    XL:     10   Next: 39%
Magic:  9/9        EV:  7    Int:  5    God:    Gozag
Gold:   811        SH:  9    Dex: 13    Spells: 9/9 levels left

rFire   . . .      SeeInvis .    a - +4 mace
rCold   + . .      Faith    .    P - +0 kite shield
rNeg    . . .      Spirit   .    x - +1 chain mail {rC+}
rPois   +          Reflect  .    (helmet restricted)
rElec   +          Harm     .    W - +0 cloak of Truth {-Tele rElec rPois Will+++}
rCorr   .          Rampage  .    m - +0 pair of gloves
Will    +++..      NoTele   +    (no boots) Stlth
                                 q - amulet of regeneration
HPRegen 1.15/turn                G - ring "Mafus" {Str+6 Dex+3}
MPRegen 0.11/turn                (no ring)

@: no status effects
A: horns 2, retaliatory headbutt
a: Renounce Religion, Potion Petition, Call Merchant, Bribe Branch


You were on level 9 of the Dungeon.
You worshipped Gozag.
Gozag was pleased with you.
You visited 1 branch of the dungeon, and saw 9 of its levels.
You also visited: Sewer.

You collected 950 gold pieces.
You paid 139 gold pieces to Gozag.

Inventory:

Hand Weapons
 a - a +4 mace (weapon)
 b - a +2 sling of draining
 i - a +0 flail
 D - a +0 morningstar
Missiles
 t - 3 throwing nets (quivered)
 u - 8 boomerangs
 v - a silver boomerang
 I - 3 javelins
Armour
 m - a +0 pair of gloves (worn)
 x - a +1 chain mail of cold resistance (worn)
 P - a +0 kite shield (worn)
 W - the +0 cloak of Truth (worn) {-Tele rElec rPois Will+++}
   (You found it on level 9 of the Dungeon)

   rElec:     It insulates you from electricity.
   rPois:     It protects you from poison.
   -Tele:     It prevents most forms of teleportation.
   Will:      It greatly increases your willpower.
Jewellery
 l - a ring of magical power
 q - an amulet of regeneration (around neck)
 C - an amulet of guardian spirit
 G - the ring "Mafus" (left hand) {Str+6 Dex+3}
   (You took it off an orc on level 5 of the Dungeon)

   [ring of strength]

   Str:       It affects your strength (+6).
   Dex:       It affects your dexterity (+3).
 R - a +6 ring of strength
Wands
 J - a wand of mindburst (17)
 S - a wand of paralysis (1)
Scrolls
 c - a scroll of identify
 h - 3 scrolls of poison
 j - a scroll of silence {unknown}
 k - 6 scrolls of teleportation
 r - a scroll of enchant armour {unknown}
 w - 2 scrolls of vulnerability
 y - 4 scrolls of brand weapon
 B - 2 scrolls of butterflies {unknown}
 F - a scroll of fear {unknown}
 H - a scroll of fog {unknown}
 K - 3 scrolls of immolation {unknown}
 L - a scroll of magic mapping {unknown}
 M - a scroll of noise {unknown}
 N - a scroll of acquirement {unknown}
 Q - a scroll of amnesia {unknown}
 V - a scroll of torment {unknown}
Potions
 d - 3 potions of cancellation
 e - 3 potions of lignification
 f - 3 potions of curing
 g - a potion of haste
 n - 3 potions of mutation
 o - a potion of heal wounds {unknown}
 p - 2 potions of magic
 s - 2 potions of ambrosia
 z - a potion of degeneration {unknown}
 A - 2 potions of flight {unknown}
 E - 2 potions of might
 O - 3 potions of brilliance {unknown}
 U - a potion of resistance {unknown}


   Skills:
 + Level 9.3 Fighting
 * Level 12.2 Maces & Flails
 + Level 9.3 Armour
 + Level 6.1 Shields
 - Level 4.0 Evocations


You had 9 spell levels left.
You didn't know any spells.
Your spell library contained the following spells:

 Spells                   Type           Power      Damage    Failure   Level
 Beastly Appendage        Tmut           0%         N/A       99%         1
 Slow                     Hex            0%         N/A       99%         1
 Summon Small Mammal      Summ           0%         N/A       99%         1
 Sublimation of Blood     Necr           0%         N/A       100%        2
 Wereblood                Tmut           0%         N/A       100%        2
 Call Canine Familiar     Summ           0%         N/A       100%        3
 Confusing Touch          Hex            0%         N/A       100%        3
 Ignite Poison            Fire/Tmut/Pois 0%         N/A       100%        3
 Kindle Blastsparks       Fire/Tloc/Air  0%         2d10      100%        3
 Spider Form              Tmut/Pois      0%         N/A       100%        3
 Stone Arrow              Conj/Erth      0%         3d7       100%        3
 Summon Guardian Golem    Hex/Summ       0%         N/A       100%        3
 Vampiric Draining        Necr           0%         2d6       100%        3
 Animate Armour           Summ/Erth      0%         N/A       100%        4
 Freezing Cloud           Conj/Ice/Air   0%         6-21      100%        5
 Summon Hydra             Summ           0%         N/A       100%        7
 Lehudib's Crystal Spear  Conj/Erth      0%         10d2      100%        8


Dungeon Overview and Level Annotations

Branches:
Dungeon (9/15)             Temple (0/1) D:7           Sewer (visited)
   Lair: D:8-11         Orc: D:9-12

Altars:
Ashenzari
Cheibriados
Elyvilon
Fedhas
Gozag
Nemelex Xobeh
Okawaru
Qazlal
Wu Jian
The Shining One


Innate Abilities, Weirdness & Mutations

You have a pair of horns on your head.
You reflexively headbutt those who attack you in melee.


Message History

You headbutt the boulder beetle.
The boulder beetle is lightly wounded.
The boulder beetle bites you.
You hit the boulder beetle but do no damage.
The boulder beetle is lightly wounded.
You block the boulder beetle's attack.
You hit the boulder beetle but do no damage.
You headbutt the boulder beetle, but do no damage.
The boulder beetle is lightly wounded.
The boulder beetle bites you!
You hit the boulder beetle but do no damage.
The boulder beetle is lightly wounded.
You block the boulder beetle's attack.
You sock the boulder beetle!
The boulder beetle is lightly wounded.
The boulder beetle bites you!
You hit the boulder beetle but do no damage.
The boulder beetle is lightly wounded.
The boulder beetle bites you!
You hit the boulder beetle but do no damage.
The boulder beetle is lightly wounded.
The boulder beetle bites you!
You hit the boulder beetle but do no damage.
You headbutt the boulder beetle, but do no damage.
The boulder beetle is lightly wounded.
The boulder beetle leaps!
The boulder beetle curls into a ball and begins rolling!
You hit the boulder beetle.
You headbutt the boulder beetle, but do no damage.
The boulder beetle is lightly wounded.
The boulder beetle hits you!!
The boulder beetle stops rolling and uncurls.
You barely miss the boulder beetle.
You headbutt the boulder beetle, but do no damage.
The boulder beetle is lightly wounded.
The boulder beetle leaps!
The boulder beetle curls into a ball and begins rolling!
The boulder beetle hits you!!!
You die...
Your body crumbles into a pile of gold.

##.... .## #.... ..#
#######... ..#
.........#########..#
....................#
....................#
....................#
................@...#
................B...#
......##.......○....#
.....####.....)°....#
....##..##..)..°)...#
....##[.##).....)<).#
.....#''#.)....)....#
.##........##...#.###
####.....)####..#.#


You could see a boulder beetle (rolling).

Vanquished Creatures
  Grinder (D:3)
  5 yaks (D:7)
  A water moccasin (Sewer)
  Duvessa (D:5)
  2 black bears (D:5)
  2 orc warriors
  6 ice beasts
  2 ogres
  2 phantoms
  5 gnoll sergeants
  A bullfrog (D:8)
  2 necrophages
  10 wights
  6 killer bees
  Dowan (D:5)
  5 howler monkeys
  9 hounds
  3 orc priests
  3 jellies
  4 gnoll boudas
  Jessica (D:3)
  Terence (D:2)
  4 iguanas
  7 orc wizards
  36 gnolls
  6 adders
  2 shadow imps (D:5)
  A white imp (D:5)
  2 ufetubi
  3 worms
  3 dart slugs
  38 orcs
  6 ball pythons
  8 endoplasms
  7 giant cockroaches
  7 goblins
  10 hobgoblins
  10 jackals
  7 kobolds
  6 quokkas
  4 bats
  5 frilled lizards
  7 rats
252 creatures vanquished.

Notes
Turn   | Place    | Note
-------+----------+-------------------------------------------
     0 | D:1      | Illumine the Minotaur Fighter began the quest for the Orb.
     0 | D:1      | Reached XP level 1. HP: 19/19 MP: 0/0
   182 | D:1      | Reached XP level 2. HP: 25/27 MP: 1/1
   283 | D:1      | Reached skill level 3 in Maces & Flails
   643 | D:2      | Reached XP level 3. HP: 33/33 MP: 2/2
   689 | D:2      | Found an iron altar of Okawaru.
   694 | D:2      | Noticed Terence
   704 | D:2      | Killed Terence
   809 | D:2      | Reached XP level 4. HP: 40/40 MP: 3/3
   913 | D:2      | Reached skill level 4 in Maces & Flails
  1340 | D:3      | Noticed Grinder
  1516 | D:3      | Found an ornate altar of the Wu Jian Council.
  1645 | D:3      | Reached XP level 5. HP: 45/45 MP: 4/4
  2124 | D:3      | Noticed Jessica
  2131 | D:3      | Killed Jessica
  2132 | D:3      | Reached skill level 5 in Maces & Flails
  2432 | D:4      | Reached skill level 5 in Fighting
  2432 | D:4      | Reached skill level 5 in Armour
  2439 | D:4      | Reached XP level 6. HP: 56/56 MP: 5/5
  2468 | D:4      | Found a glowing drain.
  2479 | Sewer    | Entered a sewer
  2510 | Sewer    | Noticed a water moccasin
  2520 | Sewer    | Killed a water moccasin
  2521 | Sewer    | Reached skill level 6 in Maces & Flails
  2734 | D:4      | Found a broken altar of Ashenzari.
  2776 | D:4      | Reached XP level 7. HP: 60/61 MP: 6/6
  3001 | D:5      | Entered Level 5 of the Dungeon
  3081 | D:5      | Reached skill level 7 in Maces & Flails
  3098 | D:5      | Noticed Duvessa
  3098 | D:5      | Noticed Dowan
  3109 | D:5      | Killed Duvessa
  3124 | D:5      | Killed Dowan
  3213 | D:5      | Reached skill level 8 in Maces & Flails
  3213 | D:5      | Reached XP level 8. HP: 71/71 MP: 7/7
  3225 | D:5      | Identified the ring "Mafus" {Str+6 Dex+3}
  3529 | D:6      | Reached skill level 9 in Maces & Flails
  3632 | D:6      | Reached skill level 1 in Evocations
  3776 | D:6      | Found a stormy altar of Qazlal.
  4144 | D:7      | Reached XP level 9. HP: 74/80 MP: 8/8
  4166 | D:7      | Reached skill level 10 in Maces & Flails
  4463 | D:7      | Reached skill level 11 in Maces & Flails
  4492 | D:7      | Found a blossoming altar of Fedhas.
  4521 | D:7      | Found an opulent altar of Gozag.
  4577 | D:7      | Became a worshipper of Gozag Ym Sagoz the Greedy
  4722 | D:7      | Found a staircase to the Ecumenical Temple.
  4964 | D:5      | Reached skill level 5 in Shields
  5074 | D:5      | Found a white marble altar of Elyvilon.
  5306 | D:3      | Paralysed by Grinder for 2 turns
  5308 | D:3      | Killed Grinder
  5528 | D:3      | Found an ornate altar of the Wu Jian Council.
  6162 | D:7      | Reached XP level 10. HP: 90/90 MP: 9/9
  6489 | D:8      | Found a glowing golden altar of the Shining One.
  6608 | D:8      | Found a snail-covered altar of Cheibriados.
  6681 | D:8      | Found a sparkling altar of Nemelex Xobeh.
  6873 | D:9      | Noticed a boulder beetle
  6926 | D:8      | Reached skill level 12 in Maces & Flails
  6999 | D:9      | Identified the +0 cloak of Truth {-Tele rElec rPois
                  | Will+++}
  7228 | D:9      | Slain by a boulder beetle

Illustrated notes

Levels and vault maps discovered:
D:1:      lemuel_arrival_behind_the_door_small, layout_rooms, minivault_25,
          glass_columns_b
D:2:      layout_basic, basic_altar, corexii_hall_statues_l, uniq_terence
D:3:      layout_basic, pdpol_wu_jian_five_deadly_venoms, uniq_grinder,
          uniq_jessica
D:4:      layout_basic, mainiacjoe_overflow_chevrons, portal_sewer_entry_f
D:5:      layout_rooms, minmay_ruined_shrine, uniq_duvessa
D:6:      layout_loops_cross, marbit_many_paths
D:7:      layout_rooms, mainiacjoe_overflow_swirl,
          minmay_temple_entry_nine_rooms, st_stairs_13
D:8:      layout_rooms, mainiacjoe_overflow_brackets, lemuel_crystal_altar,
          mainiacjoe_overflow_cross_hatched
D:9:      layout_cross, nicolae_overflow_hidden_temple, serial_gnoll_camp,
          gnoll_camp_mini_hut, gnoll_camp_mini_house, gnoll_camp_mini_basic,
          gnoll_camp_medium_01, gnoll_camp_huts_basic, nzn_sisyphean_effort

Skill      XL: |  1  2  3  4  5  6  7  8  9 10 |
---------------+-------------------------------+-----
Maces & Flails | 3 4 5 6 8 9 11 12 | 12.2
Armour         | 4 5 6 7 8 9 |  9.3
Fighting       | 4 5 6 7 8 9 |  9.3
Shields        | 4 5 6 |  6.1
Evocations     | 2 3 4 |  4.0

Action                     |  1- 3 |  4- 6 |  7- 9 | 10-12 || total
---------------------------+-------+-------+-------+-------++-------
  Melee: Flail             |    31 |       |       |       ||    31
         Mace              |    43 |   145 |   276 |   172 ||   636
         Headbutt          |     3 |    23 |    56 |    35 ||   117
   Fire: Sling             |       |    35 |    35 |       ||    70
    Use: Potion            |     1 |       |       |       ||     1
         Scroll            |       |     4 |     3 |     3 ||    10
   Stab: Distracted        |       |       |       |     2 ||     2
 Armour: Scale mail        |    44 |    28 |       |       ||    72
         Chain mail        |       |    47 |   145 |    72 ||   264
  Dodge: Dodged            |    29 |    58 |    81 |    41 ||   209
  Block: Buckler           |    10 |    38 |    39 |       ||    87
         Kite shield       |       |       |    32 |    76 ||   108

Table legend: (Time is in decaauts)
 A = Elapsed time spent in this place.
 B = Non-inter-level travel time spent in this place.
 C = Inter-level travel time spent in this place.
 D = Time resting spent in this place.
 E = Time spent auto-exploring this place.
 F = Levels seen in this place.
 G = Mean time per level.
                   A        B        C        D        E       F      G
               +--------+--------+--------+--------+--------+-----+--------+
         Total |   7341 |   6730 |    611 |     60 |   4656 |  10 |  734.1 |
       Dungeon |   7203 |   6592 |    611 |     57 |   4561 |   9 |  800.3 |
         Sewer |    137 |    137 |      0 |      3 |     95 |   1 |  137.0 |
               +--------+--------+--------+--------+--------+-----+--------+

Top non-repeatable levels by time:
     D:3: 2065 daAuts
     D:7: 904 daAuts
     D:6: 809 daAuts
     D:4: 784 daAuts
     D:5: 605 daAuts
     D:2: 602 daAuts
     D:1: 564 daAuts
     D:8: 554 daAuts
     D:9: 312 daAuts
   Sewer: 137 daAuts
